Match 44831053
Unlisted

Match 44831053
End
Selects Australian Defense Battlegroup
Selects Australian Light Infantry Section
Australian Light Infantry Section
Royal Engineer Section
Australian Light Infantry Section
Australian Light Infantry Section
Construct Field Infirmary
Selects 2-pounder Anti-tank Gun Team
2-pounder Anti-tank Gun Team
Bad Ash
Yoddha
The Boogyman
-=Thrawn=-
Hezbollah Z
1Tap.com
0
0

Comments sign in to comment!

No comments posted yet!